 Dungeon Crawl Stone Soup version 0.28.0-53-g5a82cb258f (webtiles) character file.

Game seed: 9987685682237993504

18426 Peloso the Carver (level 12, -1/107 HPs)
             Began as a Minotaur Fighter on June 24, 2022.
             Was a High Priest of Okawaru.
             Slain by a yak (10 damage)
             ... led by a torpor snail
             ... on level 2 of the Lair of Beasts.
             The game lasted 00:30:24 (16774 turns).

Peloso the Carver (Minotaur Fighter)               Turns: 16774, Time: 00:30:24

Health: -1/107     AC: 18    Str: 23    XL:     12   Next: 27%
Magic:  11/11      EV:  9    Int:  7    God:    Okawaru [*****.]
Gold:   665        SH:  7    Dex: 19    Spells: 11/11 levels left

rFire   . . .      SeeInvis .   a - +4 scimitar (elec)
rCold   . . .      Faith    .   c - +0 buckler
rNeg    . . .      Spirit   .   M - +0 plate armour
rPois   +          Reflect  .   (helmet restricted)
rElec   .          Harm     .   I - +0 cloak "Ralodwun" {rPois Int+2}
rCorr   .          Rampage  .   (no gloves)
Will    .....                   u - +0 pair of boots
Stlth   ..........              (no amulet)
HPRegen 0.27/turn               h - +6 ring of dexterity
MPRegen 0.12/turn               n - ring of flight

@: flying, slowed, very slow
A: horns 2, retaliatory headbutt
a: Renounce Religion, Heroism, Finesse, Duel


You were on level 2 of the Lair of Beasts.
You worshipped Okawaru.
Okawaru was extremely pleased with you.
You visited 3 branches of the dungeon, and saw 14 of its levels.
You also visited: Sewer and Gauntlet.

You collected 665 gold pieces.

Inventory:

Hand Weapons
 a - a +4 scimitar of electrocution (weapon)
 b - a +0 long sword of electrocution
Missiles
 C - 2 throwing nets (quivered)
Armour
 c - a +0 buckler (worn)
 l - a +0 chain mail
 u - a +0 pair of boots (worn)
 I - the +0 cloak "Ralodwun" (worn) {rPois Int+2}
   (You found it in a Gauntlet)

   Int:       It affects your intelligence (+2).
   rPois:     It protects you from poison.
 M - a +0 plate armour (worn)
Jewellery
 h - a +6 ring of dexterity (left hand)
 n - a ring of flight (right hand)
 H - an amulet of faith
 J - a ring of protection from cold
 L - a ring of positive energy
Wands
 d - a wand of iceblast (10)
 k - a wand of flame (51)
 y - a wand of polymorph (4)
 E - a wand of mindburst (13)
 G - a wand of digging (19)
Scrolls
 e - 6 scrolls of enchant armour
 i - 4 scrolls of noise
 j - 4 scrolls of teleportation
 o - 2 scrolls of amnesia
 p - 3 scrolls of fear
 q - 2 scrolls of fog
 r - 3 scrolls of summoning
 w - 2 scrolls of brand weapon
 x - 2 scrolls of enchant weapon
 O - a scroll of vulnerability {unknown}
Potions
 f - 8 potions of brilliance
 g - 2 potions of haste
 m - 3 potions of curing
 s - a potion of invisibility {unknown}
 t - 3 potions of flight
 v - a potion of mutation
 z - 3 potions of heal wounds {unknown}
 A - a potion of resistance {unknown}
 B - a potion of ambrosia {unknown}
 D - 2 potions of attraction {unknown}
 K - a potion of might
 N - a potion of magic {unknown}
Miscellaneous
 F - a lightning rod (4/4)


   Skills:
 + Level 10.5 Fighting
 + Level 14.4 Long Blades
 + Level 12.7 Armour
 + Level 4.8 Dodging
 + Level 2.7 Stealth
 + Level 10.4 Shields
 + Level 0.9 Invocations
 + Level 0.5 Evocations


You had 11 spell levels left.
You didn't know any spells.
Your spell library contained the following spells:

 Spells                   Type           Power      Damage    Failure   Level
 Beastly Appendage        Tmut           0%         N/A       99%         1
 Pain                     Necr           0%         1d4       99%         1
 Wereblood                Tmut           0%         N/A       100%        2
 Dazzling Flash           Conj/Hex       0%         N/A       100%        3
 Frozen Ramparts          Ice            0%         1d2       100%        3
 Gell's Gravitas          Tloc           0%         N/A       100%        3
 Lesser Beckoning         Tloc           0%         N/A       100%        3
 Portal Projectile        Hex/Tloc       0%         N/A       100%        3
 Spider Form              Tmut/Pois      0%         N/A       100%        3
 Teleport Other           Tloc           0%         N/A       100%        3
 Vampiric Draining        Necr           0%         2d6       100%        3
 Ice Form                 Ice/Tmut       0%         N/A       100%        4
 Agony                    Necr           0%         N/A       100%        5
 Blade Hands              Tmut           0%         N/A       100%        5
 Excruciating Wounds      Necr           0%         N/A       100%        5
 Silence                  Hex/Air        0%         N/A       100%        5
 Animate Skeleton         Necr           Unusable   N/A       N/A         1
 Summon Ice Beast         Ice/Summ       Unusable   N/A       N/A         4

Dungeon Overview and Level Annotations

Branches:
Dungeon (11/15)            Temple (1/1) D:4            Lair (2/6) D:9
    Orc (0/2) D:9           Sewer (visited)         Gauntlet (visited)
  Swamp: Lair:2-4    Shoals: Lair:2-4     Snake: Lair:2-4    Spider: Lair:2-4

Altars:
Ashenzari
Cheibriados
Dithmenos
Elyvilon
Fedhas
Gozag
Hepliaklqana
Kikubaaqudgha
Makhleb
Nemelex Xobeh
Okawaru
Qazlal
Ru
Sif Muna
Trog
Uskayaw
Vehumet
Wu Jian
Xom
Yredelemnul
Zin
The Shining One

Shops:
D:8 :   D:10 *:[=(

Annotations:
D:3 2 runed translucent doors, gnacko's ghost, amateur HOBe


Innate Abilities, Weirdness & Mutations

You have a pair of horns on your head.
You reflexively headbutt those who attack you in melee.


Message History

The bullfrog hits you but does no damage.
The water moccasin barely misses you.
The bullfrog hits you but does no damage. x2
The water moccasin barely misses you. The yak gores you but does no damage.
The bullfrog hits you but does no damage.
You block the water moccasin's attack. The bullfrog hits you!
* * * LOW HITPOINT WARNING * * *
The yak gores you!
* * * LOW HITPOINT WARNING * * *
The water moccasin barely misses you. You furiously retaliate!
You headbutt the water moccasin, but do no damage.
The bullfrog barely misses you. You furiously retaliate!
You headbutt the bullfrog!
The water moccasin bites you but does no damage.
The bullfrog hits you but does no damage.
You block the water moccasin's attack. The bullfrog hits you!
* * * LOW HITPOINT WARNING * * *
The water moccasin bites you.
* * * LOW HITPOINT WARNING * * *
Okay, then.
The bullfrog hits you but does no damage.
The water moccasin bites you but does no damage.
Okay, then.
The bullfrog snags a nearby moth with its tongue.
The bullfrog hits you but does no damage.
The water moccasin bites you but does no damage.
The bullfrog barely misses you. You block the water moccasin's attack.
The bullfrog hits you.
* * * LOW HITPOINT WARNING * * *
The yak gores you but does no damage. The water moccasin barely misses you.
The bullfrog barely misses you. You furiously retaliate!
You headbutt the bullfrog!
You kill the bullfrog!
Okawaru accepts your kill. You block the yak's attack.
There is a stone staircase leading up here.
The water moccasin bites you but does no damage.
The yak gores you!
You die...

.##.............>P...#
#.#..............#...#
.#...............#..##
....................##
+.........w......#...#
#................#..##
#.#....Y.........P..P#
#....SYY............#
#.....@............##
###.###.##....##.###
## ############


You could see a torpor snail, 3 yaks and a water moccasin.

Vanquished Creatures
  A minotaur (Gauntlet)
  A centaur warrior (D:9)
  3 two-headed ogres
  2 sixfirhies (Gauntlet)
  A glowing orange brain (Gauntlet)
  2 manticores (D:11)
  2 ugly things (Gauntlet)
  4 cane toads
  Maggie (D:7)
  A kobold demonologist (D:10)
  A troll (D:10)
  A polar bear (Lair:1)
  3 slime creatures (D:9)
  Sigmund (D:6)
  21 yaks
  2 wyverns
  A steam dragon (D:9)
  5 water moccasins
  4 orc warriors
  3 black bears
  2 necrophages
  An ice beast (D:6)
  8 centaurs
  An ogre (D:6)
  4 wolves (Lair:1)
  4 phantoms
  7 kobold brigands
  5 bullfrogs
  Blork the orc (D:5)
  2 scorpions
  A gnoll sergeant (D:8)
  A troll zombie (D:9)
  18 killer bees
  5 wights (D:7)
  An electric eel (Lair:1)
  3 centaur zombies
  A bullfrog zombie (D:6)
  3 orc priests
  3 hounds
  A jelly (D:8)
  A gnoll shaman (D:10)
  Terence (D:3)
  A bullfrog skeleton (D:6)
  An iguana (D:5)
  9 orc wizards
  A killer bee zombie (D:5)
  5 ogre zombies (D:9)
  2 howler monkey zombies
  10 gnolls
  A howler monkey skeleton (D:7)
  11 adders
  4 river rats (Sewer)
  A shadow imp (D:4)
  A white imp (D:6)
  7 ufetubi (Gauntlet)
  An adder skeleton (D:5)
  A worm (D:5)
  2 dart slugs (D:1)
  31 orcs
  9 endoplasms
  5 giant cockroaches
  16 goblins
  8 hobgoblins
  4 jackals
  13 kobolds
  9 quokkas
  7 ball pythons
  5 bats
  8 frilled lizards
  A goblin skeleton (D:9)
  2 goblin zombies (D:9)
  A hobgoblin skeleton (D:9)
  3 hobgoblin zombies (D:9)
  An orc skeleton (D:9)
  11 orc zombies (D:9)
  13 rats
339 creatures vanquished.

Vanquished Creatures (collateral kills)
  A worm (D:5)
1 creature vanquished.

Vanquished Creatures (others)
  A demonic plant (Gauntlet)
  6 fungi
  28 plants
35 creatures vanquished.

Grand Total: 375 creatures vanquished

Notes
Turn   | Place    | Note
-------+----------+-------------------------------------------
     0 | D:1      | Peloso the Minotaur Fighter began the quest for the Orb.
     0 | D:1      | Reached XP level 1. HP: 19/19 MP: 0/0
   258 | D:1      | Reached XP level 2. HP: 23/27 MP: 1/1
  1115 | D:2      | Reached XP level 3. HP: 32/33 MP: 2/2
  1145 | D:2      | Found a bloodstained altar of Trog.
  1301 | D:2      | Reached skill level 3 in Long Blades
  1337 | D:2      | Reached XP level 4. HP: 41/41 MP: 3/3
  1953 | D:3      | Noticed Terence
  1967 | D:3      | Killed Terence
  2199 | D:3      | Found a large runed translucent door.
  2199 | D:3      | Found a large runed translucent door.
  2203 | D:3      | Noticed gnacko's ghost (amateur HOBe)
  2249 | D:3      | Reached skill level 5 in Armour
  2487 | D:3      | Found a faded altar of an unknown god.
  2585 | D:4      | Found a staircase to the Ecumenical Temple.
  2643 | D:4      | Reached XP level 5. HP: 47/47 MP: 4/4
  2731 | D:4      | Found a glowing drain.
  2757 | Sewer    | Entered a sewer
  2817 | Sewer    | Reached skill level 4 in Long Blades
  3007 | Sewer    | Reached skill level 5 in Long Blades
  3007 | Sewer    | Reached skill level 1 in Dodging
  3007 | Sewer    | Reached XP level 6. HP: 38/53 MP: 5/5
  3990 | Temple   | Entered the Ecumenical Temple
  4536 | D:5      | Entered Level 5 of the Dungeon
  4612 | D:5      | Reached skill level 6 in Long Blades
  4612 | D:5      | Reached XP level 7. HP: 60/60 MP: 6/6
  4623 | D:5      | Found a burning altar of Makhleb.
  4957 | D:5      | Reached skill level 5 in Fighting
  5648 | D:6      | Reached skill level 7 in Long Blades
  5755 | D:6      | Noticed Blork the orc
  5778 | D:5      | Killed Blork the orc
  6006 | D:6      | Noticed Sigmund
  6162 | D:6      | Reached skill level 5 in Shields
  6455 | D:6      | Reached XP level 8. HP: 69/69 MP: 7/7
  6474 | D:6      | Killed Sigmund
  6667 | D:6      | Reached skill level 8 in Long Blades
  8055 | D:7      | Reached skill level 9 in Long Blades
  8075 | D:7      | Reached XP level 9. HP: 27/78 MP: 8/8
  8340 | D:7      | Noticed Maggie
  8350 | D:7      | Killed Maggie
  8351 | D:7      | Reached skill level 1 in Stealth
  8504 | D:7      | Noticed a two-headed ogre
  8519 | D:7      | Killed a two-headed ogre
  8734 | D:7      | Reached skill level 10 in Long Blades
  9196 | D:8      | Found a hazy altar of Hepliaklqana.
  9466 | D:8      | Reached XP level 10. HP: 82/86 MP: 9/9
  9501 | D:8      | Found Kios's Book Shoppe.
 10533 | D:9      | Reached skill level 10 in Armour
 10568 | D:9      | Reached skill level 11 in Long Blades
 10581 | D:9      | Found a staircase to the Orcish Mines.
 10687 | D:9      | Found a staircase to the Lair.
 10920 | D:9      | Noticed a centaur warrior
 10927 | D:9      | Killed a centaur warrior
 11340 | D:9      | Found an iron altar of Okawaru.
 11364 | D:9      | Became a worshipper of Warmaster Okawaru
 11596 | D:10     | Entered Level 10 of the Dungeon
 11597 | D:10     | Noticed a two-headed ogre
 12020 | D:9      | Killed a two-headed ogre
 12021 | D:9      | Reached skill level 12 in Long Blades
 12168 | D:9      | Reached * piety under Okawaru
 12446 | D:10     | Reached XP level 11. HP: 83/95 MP: 10/10
 12504 | D:10     | Found Caafo's Book Emporium.
 12544 | D:10     | Found a shadowy altar of Dithmenos.
 12604 | D:10     | Found Matrel's Armour Boutique.
 12701 | D:10     | Found Saaty's Jewellery Emporium.
 12755 | D:10     | Found Heucis's General Store.
 13247 | D:10     | Found Yvuum's Weapon Shop.
 13390 | D:11     | Reached ** piety under Okawaru
 13436 | D:11     | Found a glowing silver altar of Zin.
 13444 | D:11     | Found a gate leading to a gauntlet.
 13453 | Gauntlet | Entered a Gauntlet
 13453 | Gauntlet | Noticed a shining eye
 13453 | Gauntlet | Noticed a sixfirhy
 13453 | Gauntlet | Found a transporter.
 13453 | Gauntlet | Found a transporter.
 13456 | Gauntlet | Found a transporter.
 13457 | Gauntlet | Found a transporter.
 13459 | Gauntlet | Found a transporter.
 13461 | Gauntlet | Noticed a sixfirhy
 13473 | Gauntlet | Found a transporter.
 13474 | Gauntlet | Found a transporter.
 13476 | Gauntlet | Found a transporter.
 13477 | Gauntlet | Found a transporter.
 13488 | Gauntlet | Noticed a red ugly thing
 13489 | Gauntlet | Noticed a brown ugly thing
 13490 | Gauntlet | Found a transporter.
 13490 | Gauntlet | Noticed a glowing orange brain
 13492 | Gauntlet | Found a transporter.
 13552 | Gauntlet | Found a transporter.
 13674 | Gauntlet | Killed a sixfirhy
 13855 | Gauntlet | Killed a sixfirhy
 13856 | Gauntlet | Reached skill level 13 in Long Blades
 14006 | Gauntlet | Killed a glowing orange brain
 14006 | Gauntlet | Reached *** piety under Okawaru
 14014 | Gauntlet | Killed a red ugly thing
 14025 | Gauntlet | Killed a brown ugly thing
 14045 | Gauntlet | Identified the +0 cloak "Ralodwun" {rPois Int+2}
 14209 | Gauntlet | Noticed a minotaur
 14216 | Gauntlet | Killed a minotaur
 14533 | D:11     | Reached **** piety under Okawaru
 14809 | D:11     | Noticed a two-headed ogre
 14819 | D:11     | Killed a two-headed ogre
 14820 | D:11     | Reached skill level 10 in Shields
 15074 | D:11     | Noticed a yaktaur captain
 15078 | D:11     | Noticed a fire giant
 15454 | Lair:1   | Entered Level 1 of the Lair of Beasts
 15772 | Lair:1   | Reached skill level 14 in Long Blades
 15794 | Lair:1   | Reached XP level 12. HP: 92/106 MP: 11/11
 15970 | Lair:1   | Reached skill level 10 in Fighting
 15987 | Lair:1   | Reached ***** piety under Okawaru
 16774 | Lair:2   | Slain by a yak

Illustrated notes

Levels and vault maps discovered:
D:1:      minmay_arrival_split_and_join, layout_basic, hangedman_decor_lopped
D:2:      minmay_chambers_of_ones, layout_rooms, basic_altar,
          minmay_tree_intersection, minivault_25, wad_orctagon
D:3:      layout_basic, ebering_ecumenical_altar_abandoned,
          ebering_ghost_disaster_area, corexii_leaking_fountain,
          grunt_ministairs_1, uniq_terence
D:4:      layout_loops_ring, minmay_temple_entry_ruins, portal_sewer_entry_f
D:5:      layout_gridville, makhleb_blood_cavern_becter, grunt_ministairs_5,
          nicolae_zen_rock_garden
D:6:      layout_cave_pools, minmay_ogre_servants, uniq_sigmund,
          uniq_blork_the_orc
D:7:      layout_basic, uniq_maggie
D:8:      layout_basic, nzn_hepliaklqana_mist_gate, serial_shops,
          nicolae_diamond_shop
D:9:      layout_irregular_city, okawaru_metal_pillars_3, lair_entry_dummy,
          zombieorc1_lemuel
D:10:     layout_basic, nicolae_dithmenos_shadow_blocks, serial_shops,
          nicolae_shop_behind_doors, shop, nicolae_shop_stone,
          nicolae_diamond_shop, kennysheep_little_box,
          chequers_serial_rivers_room_b
D:11:     minmay_the_grid_3x2 [minmay_the_grid_stretched_grid,
          minmay_the_grid_small_cups, minmay_the_grid_gridbox,
          minmay_the_grid_paths, minmay_the_grid_tree,
          minmay_the_grid_prize_diamond_cup], layout_basic,
          gauntlet_entry_generic, zin_statuary
Temple:   mainiacjoe_temple_coin_purse
Lair:1:   layout_regular_city, serial_bayou, serial_bayou_shore_b,
          serial_bayou_shore_a, serial_bayou_pond_a, serial_bayou_pond_a,
          serial_bayou_pond_b
Lair:2:   layout_long_grid, elwin_shoals_entry_rooms,
          nicolae_quartered_pool_medium, hellmonk_guarded_unrand_zhor

Skill      XL: |  1  2  3  4  5  6  7  8  9 10 11 12 |
---------------+-------------------------------------+-----
Shields        | 4 5 6 7 8 10 | 10.4
Armour         | 4 5 6 7 8 9 11 12 | 12.7
Fighting       | 4 5 6 7 8 9 10 | 10.5
Long Blades    | 3 5 6 7 9 10 12 14 | 14.4
Dodging        | 1 2 3 4 |  4.8
Stealth        | 2 |  2.7
Invocations    | |  0.9
Evocations     | |  0.5

Action                   |  1- 3 |  4- 6 |  7- 9 | 10-12 || total
-------------------------+-------+-------+-------+-------++-------
Melee: Long sword        |    77 |   217 |   207 |       ||   501
       Headbutt          |     9 |    35 |    55 |    89 ||   188
       Scimitar          |       |       |    74 |   426 ||   500
Invok: Heroism           |       |       |       |     7 ||     7
Evoke: Wand              |       |       |     3 |     2 ||     5
  Use: Scroll            |     3 |     1 |     4 |    10 ||    18
       Potion            |     1 |       |     1 |     2 ||     4
 Stab: Paralysed         |       |       |     5 |       ||     5
Armor: Scale mail        |    43 |    10 |       |       ||    53
       Chain mail        |       |    80 |   153 |   172 ||   405
       Plate armour      |       |       |       |    79 ||    79
Dodge: Dodged            |    42 |    65 |   122 |   245 ||   474
Block: Buckler           |    13 |    40 |    84 |   198 ||   335
